 Dungeon Crawl Stone Soup version 0.23-a0-143-g1adec7b (webtiles) character file.

128 Amnesiac the Chiller (level 4, 0/30 HPs)
             Began as a Mummy Ice Elementalist on Sept 3, 2018.
             Was a Follower of Sif Muna.
             Slain by an orc
             ... wielding a +0 hand axe
              (1 damage)
             ... on level 3 of the Dungeon.
             The game lasted 00:05:07 (1809 turns).

Amnesiac the Chiller (Mummy Ice Elementalist)       Turns: 1809, Time: 00:05:07

Health: 0/30       AC:  7    Str: 11    XL:     4   Next: 87%
Magic:  10/10      EV: 11    Int: 18    God:    Sif Muna [*.....]
Gold:   101        SH:  0    Dex: 12    Spells: 2/11 levels left

rFire    x . .     SeeInvis .   g - +0 dagger (venom)
rCold    + . .     Gourm    .   (no shield)
rNeg     + + +     Faith    .   e - +1 leather armour
rPois    ∞         Spirit   .   d - +2 helmet {Int+3}
rElec    .         Reflect  .   (no cloak)
rCorr    .         Harm     .   (no gloves)
MR       .....                  (no boots)
Stlth    +.........             (no amulet)
HPRegen  0.10/turn              (no ring)
MPRegen  0.12/turn              (no ring)

@: no status effects
A: no food or potions, fire vulnerability, cold resistance 1, negative energy
resistance 3, torment resistance, unbreathing
a: Divine Energy, Renounce Religion


You were on level 3 of the Dungeon.
You worshipped Sif Muna.
Sif Muna was aware of your devotion.
You were not hungry.

You visited 1 branch of the dungeon, and saw 3 of its levels.

You collected 101 gold pieces.

Inventory:

Hand Weapons
 b - a +0 blowgun
 g - a +0 dagger of venom (weapon)
Missiles
 c - 7 curare-tipped needles
Armour
 d - a +2 helmet of intelligence (worn)
 e - a +1 leather armour (worn)
Scrolls
 a - a scroll of remove curse {!r}
 i - a scroll of magic mapping {!r}


   Skills:
 - Level 1.5 Dodging
 - Level 1.5 Stealth
 + Level 4.1 Spellcasting
 - Level 0.7 Conjurations
 * Level 4.1 Ice Magic


You had 2 spell levels left.
You knew the following spells:

 Your Spells              Type           Power        Failure   Level  Hunger
a - Freeze                Ice            ###.         3%          1    N/A
b - Summon Ice Beast      Ice/Summ       ##......     63%         4    N/A
d - Throw Icicle          Conj/Ice       ##......     56%         4    N/A

Your spell library contained the following spells:

 Spells                   Type           Power        Failure   Level  Hunger
 Throw Frost              Conj/Ice       ##....       11%         2    N/A
 Ozocubu's Armour         Chrm/Ice       ##......     24%         3    N/A

Dungeon Overview and Level Annotations

Branches:
Dungeon (3/15)

Altars:
Ashenzari
Sif Muna


Innate Abilities, Weirdness & Mutations

You do not eat or drink.
Your flesh is vulnerable to fire.
You are immune to poison.
Your flesh is cold resistant. (rC+)
You are immune to negative energy. (rN+++)
You are immune to unholy pain and torment.
You can survive without breathing.


Message History

You are too injured to fight recklessly!
You are too injured to fight recklessly!
You are too injured to fight recklessly!
You are too injured to fight recklessly!
You are too injured to fight recklessly!
The bat barely misses you. The orc misses you.
The hobgoblin closely misses you. The bat hits you but does no damage.
The bat barely misses you. The bat closely misses you.
The bat hits you but does no damage. The bat barely misses you.
Sif Muna accepts your kill.
You feel a bit more experienced. The bat barely misses you.
The bat barely misses you. The bat hits you but does no damage. x2
The bat hits you.
* * * LOW HITPOINT WARNING * * *
The bat hits you but does no damage. The bat hits you but does no damage.
The bat hits you but does no damage.
You barely miss the bat. The bat barely misses you.
The bat hits you but does no damage. The bat hits you but does no damage.
You hit the bat.
You kill the bat!
Sif Muna accepts your kill.
There is an open door here.
You hit the hobgoblin.
The hobgoblin is poisoned.
The hobgoblin is lightly wounded.
The hobgoblin closely misses you.
You hit the hobgoblin but do no damage.
The hobgoblin looks as sick as possible!
The hobgoblin is heavily wounded.
You kill the hobgoblin!
Sif Muna accepts your kill.
You closely miss the orc. The orc hits you but does no damage.
You hit the orc.
The orc is moderately wounded.
The orc closely misses you.
You closely miss the orc.
The orc is moderately wounded.
The orc hits you but does no damage.
You hit the orc.
The orc is poisoned.
The orc is heavily wounded.
You hit the orc.
You kill the orc!
Sif Muna accepts your kill.
The rat twitches its whiskers.
You hit the rat.
The rat is poisoned.
The rat is heavily wounded.
The rat bites you.
* * * LOW HITPOINT WARNING * * *
You hit the rat.
You kill the rat!
Sif Muna accepts your kill.
You hit the orc but do no damage.
The orc is poisoned.
The orc hits you with a hand axe.
* * * LOW HITPOINT WARNING * * *
You hit the orc but do no damage.
The orc looks as sick as possible!
The orc barely misses you.
You barely miss the orc.
The orc is lightly wounded.
The orc hits you with a hand axe.
You die...

######## #......# #####
#......# #...# #......#
#...# #......#
#...#####......#####
+..................+
#...#####.######@###
#...#####.######o####
'...........##..o...#
#...#####.#.##......#
###.## #.#.##..w...#
###..####.#.##.(....#
†......##.#.##......#
.#####.##.#.####.#######
.#...#..#.#.# #.#.....#


You could see a worm and 2 orcs.

Vanquished Creatures
  6 adders
  A shadow imp (D:2)
  A worm (D:2)
  3 dart slugs (D:1)
  3 orcs (D:3)
  3 ball pythons
  6 bats
  4 giant cockroaches
  7 hobgoblins
  6 kobolds
  A frilled lizard (D:3)
  9 goblins
  4 rats
54 creatures vanquished.

Notes
Turn   | Place    | Note
-------+----------+-------------------------------------------
     0 | D:1      | Amnesiac the Mummy Ice Elementalist began the quest for the
                  | Orb.
     0 | D:1      | Reached XP level 1. HP: 13/13 MP: 4/4
   265 | D:1      | Reached XP level 2. HP: 15/19 MP: 1/5
   525 | D:2      | Found a deep blue altar of Sif Muna.
   528 | D:2      | Became a worshipper of Sif Muna the Loreminder
   773 | D:2      | Reached XP level 3. HP: 18/24 MP: 2/7
  1099 | D:2      | Reached XP level 4. HP: 30/30 MP: 5/9
  1105 | D:2      | Learned a level 4 spell: Throw Icicle
  1110 | D:2      | Learned a level 4 spell: Summon Ice Beast
  1638 | D:3      | Found a shattered altar of Ashenzari.
  1655 | D:3      | Reached * piety under Sif Muna
  1807 | D:3      | HP: 1/30 [orc/hand axe (5)]
  1809 | D:3      | Slain by an orc

Vault maps used:
D:1:      minmay_arrival_four_circles, st_stairs_6
D:2:      lemuel_blue_sif_altar
D:3:      marbit_many_paths, evilmike_ruin_ashenzari,
          lemuel_coloured_pillars_altar, minmay_box_of_dots

Skill      XL: |  1  2  3  4 |
---------------+-------------+-----
Spellcasting   | 3 4 |  4.1
Ice Magic      | 3 4 |  4.1
Dodging        | |  1.5
Stealth        | |  1.5
Conjurations   | |  0.7

Action                   |  1- 3 |  4- 6 || total
-------------------------+-------+-------++-------
Melee: Dagger            |    29 |    80 ||   109
 Cast: Freeze            |    58 |     7 ||    65
  Use: Scroll            |     5 |       ||     5
 Stab: Sleeping          |       |     1 ||     1
Armor: Leather armour    |    24 |    44 ||    68
       Robe              |     1 |       ||     1
Dodge: Dodged            |    46 |    75 ||   121

Table legend:
 A = Non-vault XP
 B = Vault XP
 C = Vault XP percentage of total XP
 D = Non-vault monster count
 E = Vault monster count
 F = Vault count percentage of total count
                 A         B        C        D         E       F
            +---------+---------+-------+---------+---------+-------
      Total |     177 |       7 |   3.8 |      50 |       4 |   7.4
            +---------+---------+-------+---------+---------+-------
        D:1 |      34 |       1 |   2.9 |      16 |       1 |   5.9
        D:2 |      76 |       0 |   0.0 |      16 |       0 |   0.0
        D:3 |      67 |       6 |   8.2 |      18 |       3 |  14.3
            +---------+---------+-------+---------+---------+-------
